 Dungeon Crawl Stone Soup version 0.24-a0-493-g7e4ddcd485 (webtiles) character file.

Game seed: 13192650247892744192

7913 ohad the Protected (level 11, -4/90 HPs)
             Began as a Naga Wizard on July 12, 2019.
             Was an Initiate of Gozag.
             Slain by a thrashing horror (9 damage)
             ... on level 4 of the Abyss.
             The game lasted 00:45:33 (13209 turns).

ohad the Protected (Naga Wizard)                   Turns: 13209, Time: 00:45:33

Health: -4/90      AC: 12    Str:  9    XL:     11   Next: 22%
Magic:  18/30      EV: 10    Int: 22    God:    Gozag
Gold:   417        SH:  4    Dex: 10    Spells: 3/24 levels left

rFire    . . .     SeeInvis +   e - +2 short sword (elec)
rCold    . . .     Gourm    .   Z - +0 buckler
rNeg     + . .     Faith    .   a - +0 robe
rPois    +         Spirit   .   y - +2 helmet
rElec    .         Reflect  .   U - +2 cloak
rCorr    .         Harm     .   (no gloves)
MR       +....                  (no barding)
Stlth    +++.......             (no amulet)
HPRegen  0.25/turn              m - ring of magical power
MPRegen  0.22/turn              i - ring of positive energy

@: short of breath, silenced, very slow
A: large, see invisible, deformed body, poison resistance, slowness 2, slow
metabolism 1, spit poison 1, AC +3
a: Spit Poison, Renounce Religion


You were on level 4 of the Abyss.
You worshipped Gozag.
Gozag was aware of your devotion.
You were not hungry.

You visited 2 branches of the dungeon, and saw 12 of its levels.
You visited the Abyss 1 time.
You also visited: Sewer.

You collected 1571 gold pieces.
You spent 1048 gold pieces at shops.
You paid 106 gold pieces to Gozag.

Inventory:

Hand Weapons
 b - the cursed +2 scimitar "Nyonik" {slice, rC+ MR- SInv Stlth+, unknown}
   (You found it on level 10 of the Dungeon)

   It inflicts extra damage upon your enemies.
   It protects you from cold.
   It affects your resistance to hostile enchantments.
   It lets you see invisible.
   It makes you more stealthy.
   It has a curse placed upon it.
 e - a +2 short sword of electrocution (weapon)
 j - a +0 hunting sling
 t - a +1 whip of pain
 S - a +0 rapier
Missiles
 B - 60 poisoned darts (quivered)
 G - 39 bolts
 H - 74 sling bullets
 P - 2 throwing nets
 X - 7 atropa-tipped darts
Armour
 a - a +0 robe (worn)
 u - a +0 helmet
 y - a +2 helmet (worn)
 E - a +0 large shield
 U - a +2 cloak (worn)
 W - the +7 Kryia's mail coat {PotionHeal*2 rC+}
   (You bought it in a shop on level 7 of the Dungeon)

   It protects you from cold.
 Z - a +0 buckler (worn)
Jewellery
 g - an uncursed amulet of guardian spirit
 i - a ring of positive energy (right hand)
 k - an uncursed amulet of harm {unknown}
 m - a ring of magical power (left hand)
 n - an uncursed amulet of harm {unknown}
 T - an uncursed ring of fire
Wands
 l - a wand of polymorph (6)
 x - a wand of flame (18)
 C - a wand of paralysis (27)
 K - a wand of iceblast (9)
 N - a wand of enslavement (12)
 Q - a wand of acid (12)
 Y - a wand of scattershot (7)
Scrolls
 h - 3 scrolls of teleportation
 q - 5 scrolls of remove curse
 s - a scroll of noise {unknown}
 v - a scroll of fog {unknown}
 z - 2 scrolls of random uselessness {unknown}
 D - 4 scrolls of enchant weapon {unknown}
 J - 3 scrolls of fear
 L - 2 scrolls of blinking
 R - 2 scrolls of enchant armour {unknown}
 V - 3 scrolls of immolation {unknown}
Potions
 c - 3 potions of flight
 f - 2 potions of agility
 o - 2 potions of brilliance
 p - a potion of ambrosia
 r - a potion of might
 w - 2 potions of haste
 A - 2 potions of heal wounds
 I - a potion of berserk rage {unknown}
 M - a potion of cancellation {unknown}
 O - 4 potions of curing
Comestibles
 d - 10 rations


   Skills:
 - Level 3.1 Fighting
 - Level 1.0 Throwing
 * Level 8.7 Armour
 - Level 1.5 Dodging
 - Level 5.2 Stealth
 - Level 4.3 Shields
 - Level 7.0 Spellcasting
 + Level 7.5 Conjurations
 - Level 1.0 Summonings
 - Level 1.0 Necromancy
 - Level 3.0 Translocations
 - Level 2.0 Air Magic
 - Level 2.3 Poison Magic
 - Level 2.4 Evocations


You had 3 spell levels left.
You knew the following spells:

 Your Spells              Type           Power        Failure   Level  Hunger
a - Magic Dart            Conj           ####         1%          1    None
b - Call Imp              Summ           ##......     9%          2    None
c - Blink                 Tloc           N/A          3%          2    None
d - Conjure Flame         Conj/Fire      ###.....     5%          3    None
e - Mephitic Cloud        Conj/Pois/Air  ####....     4%          3    None
f - Animate Skeleton      Necr           N/A          5%          1    None
g - Iskenderun's Mystic   Conj           #####...     3%          4    ###....
h - Force Lance           Conj/Tloc      ####....     10%         4    ###....
i - Confusing Touch       Hex            #.....       9%          1    None

Your spell library contained the following spells:

 Spells                   Type           Power        Failure   Level  Hunger
 Searing Ray              Conj           #####.       1%          2    None
 Apportation              Tloc           ###...       2%          1    None
 Pain                     Necr           ##..         5%          1    None
 Summon Small Mammal      Summ           ##..         5%          1    None
 Dazzling Spray           Conj/Hex       ###...       5%          3    None
 Slow                     Hex            #.......     12%         2    None
 Vampiric Draining        Necr           ##........   16%         3    None
 Regeneration             Chrm/Necr      #.........   21%         3    None
 Fulminant Prism          Conj/Hex       ###.......   17%         4    ###....
 Animate Dead             Necr           N/A          47%         4    ###....


Dungeon Overview and Level Annotations

Branches:
Dungeon (11/15)            Temple (1/1) D:6             Orc (0/2) D:9
   Lair: D:8-11

Altars:
Elyvilon
Fedhas
Gozag
Hepliaklqana
Kikubaaqudgha
Makhleb
Nemelex Xobeh
Okawaru
Ru
Sif Muna
Trog
Uskayaw
Xom
Yredelemnul
Zin
The Shining One

Shops:
D:7 [   D:8 ?!%(   D:9 *!(

Annotations:
D:11 Erolcha


Innate Abilities, Weirdness & Mutations

You cannot wear boots.
Your serpentine skin is tough. (AC +3)
You have supernaturally acute eyesight. (SInv)
Armour fits poorly on your strangely shaped body.
Your system is resistant to poisons. (rPois)
You cover ground very slowly.
You have a slow metabolism.
You can spit poison.


Message History

The thrashing horror tramples you!
* * * LOW HITPOINT WARNING * * *
You hold your ground!
The thrashing horror tramples you.
* * * LOW HITPOINT WARNING * * *
You hold your ground!
Press: ? - help, Shift-Dir - straight line, f/p - thrashing horror
Aim: a thrashing horror (silenced, severely damaged)
The splash of poison hits the thrashing horror.
The thrashing horror completely resists.
You feel slightly more hungry. The thrashing horror tramples you.
* * * LOW HITPOINT WARNING * * *
You hold your ground!
The thrashing horror misses you. The thrashing horror barely misses you.
The thrashing horror misses you.
Unknown command.
Unknown command.
You closely miss the thrashing horror.
The thrashing horror is severely damaged.
The thrashing horror tramples you!
You die...
Your body crumbles into a pile of gold.

# .. ..
#.#
###§..##..
#@X.....(
##X.#...#
#≈♣≈≈.#.
### ≈...
... .# #


You could see 2 thrashing horrors.

Vanquished Creatures
  Gastronok (D:10)
  A two-headed ogre (D:11)
  A tengu warrior (D:11)
  An ugly thing (D:10)
  A troll (D:10)
  A polar bear (D:10)
  A hornet (D:8)
  3 hippogriffs
  A wyvern (D:10)
  5 hungry ghosts
  Purgy (Sewer)
  2 orc warriors
  2 ice beasts (D:5)
  A necrophage (D:8)
  2 phantoms
  An ogre (D:7)
  6 centaurs
  4 bullfrogs
  A water moccasin zombie (D:5)
  4 scorpions
  10 killer bees
  4 crimson imps
  A centaur zombie (D:9)
  2 howler monkeys
  A bullfrog zombie (D:9)
  2 quasits
  3 hounds
  An orc priest (D:4)
  4 iguanas
  An iron imp (Abyss:4)
  A jelly (D:10)
  3 bullfrog skeletons
  2 orc wizards (D:6)
  4 worker ants
  A killer bee zombie (D:7)
  2 hound zombies
  A hound skeleton (D:7)
  Robin (D:3)
  A gnoll (D:4)
  16 adders
  9 river rats (D:6)
  2 shadow imps (D:8)
  An adder zombie (D:7)
  3 worms (D:2)
  4 dart slugs
  3 leopard geckos
  23 orcs
  2 ball pythons
  11 bats
  6 giant cockroaches
  18 goblins
  8 hobgoblins
  3 jackals (D:4)
  6 kobolds
  11 quokkas
  10 frilled lizards
  A quokka skeleton (D:8)
  22 rats
244 creatures vanquished.

Vanquished Creatures (collateral kills)
  An orc warrior (D:9)
  An ogre (D:4)
  A bullfrog zombie (D:6)
  A jelly (D:6)
  An orc priest (D:5)
  An orc wizard (D:5)
  A worker ant (D:7)
  4 orcs (D:5)
  3 giant cockroaches (D:6)
  2 kobolds (D:2)
16 creatures vanquished.

Grand Total: 260 creatures vanquished

Notes
Turn   | Place    | Note
-------+----------+-------------------------------------------
     0 | D:1      | ohad the Naga Wizard began the quest for the Orb.
     0 | D:1      | Reached XP level 1. HP: 15/15 MP: 4/4
     1 | D:1      | Noticed an electric eel
   367 | D:1      | Reached XP level 2. HP: 22/22 MP: 4/6
   496 | D:1      | Learned a level 2 spell: Call Imp
   499 | D:1      | Learned a level 2 spell: Blink
   804 | D:2      | Reached XP level 3. HP: 20/28 MP: 5/8
   851 | D:2      | Found a shimmering altar of Xom.
  1071 | D:2      | Reached XP level 4. HP: 25/36 MP: 8/10
  1195 | D:2      | Learned a level 3 spell: Conjure Flame
  1199 | D:2      | Learned a level 3 spell: Mephitic Cloud
  1259 | D:2      | Found a hide-covered altar of Uskayaw.
  1778 | D:3      | Noticed Robin
  2192 | D:3      | Killed Robin
  2232 | D:2      | Reached XP level 5. HP: 36/42 MP: 4/12
  2303 | D:3      | Reached skill level 5 in Spellcasting
  2670 | D:3      | Learned a level 1 spell: Animate Skeleton
  2881 | D:3      | Found a glowing silver altar of Zin.
  2980 | D:3      | Found a deep blue altar of Sif Muna.
  2994 | D:3      | Reached skill level 1 in Air Magic
  3009 | D:3      | Reached skill level 1 in Poison Magic
  3301 | D:4      | Noticed an ogre
  3307 | D:4      | Killed an ogre
  3307 | D:4      | Reached XP level 6. HP: 49/49 MP: 6/13
  3469 | D:4      | Reached skill level 1 in Throwing
  4015 | D:4      | Reached skill level 1 in Necromancy
  4042 | D:4      | Found a glowing golden altar of the Shining One.
  4042 | D:4      | Found an ancient bone altar of Kikubaaqudgha.
  4198 | D:4      | Found a sacrificial altar of Ru.
  4363 | D:5      | Entered Level 5 of the Dungeon
  4365 | D:5      | Noticed an ice beast
  4381 | D:5      | Killed an ice beast
  4381 | D:5      | Reached skill level 5 in Stealth
  4617 | D:5      | Reached XP level 7. HP: 50/56 MP: 14/14
  4974 | D:5      | Reached skill level 1 in Fighting
  5593 | D:5      | Reached XP level 8. HP: 62/67 MP: 6/17
  5668 | D:5      | Learned a level 4 spell: Iskenderun's Mystic Blast
  6192 | D:6      | Found a staircase to the Ecumenical Temple.
  6206 | Temple   | Entered the Ecumenical Temple
  6223 | Temple   | Became a worshipper of Gozag Ym Sagoz the Greedy
  6358 | D:6      | Found a glowing drain.
  6411 | Sewer    | Entered a sewer
  6539 | Sewer    | Noticed Purgy
  6546 | Sewer    | Killed Purgy
  6643 | Sewer    | Learned a level 4 spell: Force Lance
  6960 | D:6      | Reached skill level 5 in Conjurations
  7477 | D:6      | Reached skill level 1 in Shields
  7629 | D:6      | Reached XP level 9. HP: 63/75 MP: 19/19
  8717 | D:7      | Found Hedasyra's Armour Emporium.
  8888 | D:7      | Bought the +7 Kryia's mail coat {PotionHeal*2 rC+} for 720
                  | gold pieces
  8888 | D:7      | Found the +7 Kryia's mail coat {PotionHeal*2 rC+}
  8977 | D:7      | Reached skill level 1 in Armour
  9116 | D:7      | Reached skill level 2 in Armour
  9243 | D:7      | Reached skill level 3 in Armour
  9524 | D:8      | Reached skill level 4 in Armour
  9727 | D:8      | Found a blossoming altar of Fedhas.
  9732 | D:8      | Reached XP level 10. HP: 84/84 MP: 13/20
  9880 | D:8      | Reached skill level 5 in Armour
 10354 | D:8      | Found Pamaq's Antique Weapon Shop.
 10510 | D:8      | Found Voetaudgh's Magic Scroll Shop.
 10515 | D:8      | Bought a scroll of blinking for 120 gold pieces
 10515 | D:8      | Bought a scroll of fear for 56 gold pieces
 10515 | D:8      | Bought a scroll of identify for 32 gold pieces
 10543 | D:8      | Found Neasommu's Distillery.
 10547 | D:8      | Bought a potion of haste for 120 gold pieces
 10579 | D:8      | Found Haliq's Food Shoppe.
 10611 | D:8      | Paralysed by a hornet for 1 turns
 10946 | D:9      | Reached skill level 6 in Armour
 10985 | D:9      | Found a staircase to the Orcish Mines.
 11312 | D:9      | Found Lilor's Distillery.
 11324 | D:9      | Found Obriblat's General Store.
 11442 | D:9      | Found a basalt altar of Yredelemnul.
 11739 | D:9      | Found Fonefiug's Weapon Shop.
 11823 | D:10     | Entered Level 10 of the Dungeon
 11871 | D:10     | Noticed a purple ugly thing
 11880 | D:10     | Reached skill level 7 in Armour
 11892 | D:10     | Killed a purple ugly thing
 12103 | D:10     | Noticed Gastronok
 12358 | D:10     | Got a warped scimitar
 12437 | D:10     | Killed Gastronok
 12437 | D:10     | Reached skill level 8 in Armour
 12437 | D:10     | Reached XP level 11. HP: 72/90 MP: 21/21
 12924 | D:11     | Noticed a tengu warrior
 12938 | D:11     | Noticed Erolcha
 12938 | D:11     | Noticed a two-headed ogre
 12940 | D:11     | Killed a tengu warrior
 12947 | D:11     | Killed a two-headed ogre
 12948 | D:11     | Cast into level 2 of the Abyss (Erolcha)
 12951 | Abyss:2  | Found a corrupted altar of Lugonu.
 13005 | Abyss:2  | Learned a level 1 spell: Confusing Touch
 13079 | Abyss:3  | Noticed a vampire mage
 13082 | Abyss:3  | Noticed a tentacled starspawn
 13085 | Abyss:3  | Noticed a thrashing horror
 13124 | Abyss:4  | HP: 2/90 [hellwing (7)]
 13132 | Abyss:4  | Noticed a starcursed mass
 13194 | Abyss:4  | Noticed a thrashing horror
 13195 | Abyss:4  | Noticed a thrashing horror
 13197 | Abyss:4  | Noticed a thrashing horror
 13205 | Abyss:4  | Noticed a thrashing horror
 13209 | Abyss:4  | Slain by a thrashing horror

Levels and vault maps discovered:
D:1:      arrival_aquarium_a, layout_loops_ring
D:2:      layout_loops_ring, xom_butterflies, eat_drink_and_be_merry_uskayaw,
          minmay_small_reverse_x
D:3:      layout_loops_ring, old_standard_altar, nicolae_overflow_hidden_temple,
          first_ration, uniq_robin
D:4:      layout_loops_corners, lemuel_coloured_pillars_altar,
          gammafunk_temple_overflow_elements
D:5:      layout_gridville, grunt_ministairs_6, minmay_quadrilaterals
D:6:      lemuel_ratsnest, layout_loops_ring, minmay_temple_entry_butterflies,
          gup_sewer_entry_glass
D:7:      layout_loops_ring, serial_shops, shop_statue
D:8:      layout_basic, old_standard_altar, serial_shops, shop_scrolls, shop,
          shop, shop
D:9:      layout_rooms, old_standard_altar, orc_0_dummy, serial_shops,
          nicolae_shop_temple_entry_statues_fountains, nicolae_shop_trees, shop
D:10:     layout_loops_ring, uniq_gastronok
D:11:     layout_roguey, erik_lair_dragon, serial_ice, serial_ice_b,
          serial_ice_l, serial_ice_m, serial_ice_c, serial_ice_n, serial_ice_o,
          serial_ice_d, serial_ice_e, serial_ice_a, serial_ice_h, uniq_fannar,
          uniq_erolcha
Temple:   dshaligram_water_room_temple
Abyss:4:  evilmike_abyss_exit_mutagenic, evilmike_abyss_rune_elephants_shrine

Skill      XL: |  1  2  3  4  5  6  7  8  9 10 11 |
---------------+----------------------------------+-----
Spellcasting   | 4 5 6 7 |  7.0
Stealth        | 4 5 |  5.2
Air Magic      | 1 2 |  2.0
Poison Magic   | 1 2 |  2.3
Throwing       | 1 |  1.0
Necromancy     | 1 |  1.0
Conjurations   | 2 3 5 6 7 |  7.5
Fighting       | 2 3 |  3.1
Translocations | 3 |  3.0
Shields        | 1 4 |  4.3
Armour         | 4 8 |  8.7
Evocations     | 2 |  2.4
Dodging        | |  1.5
Summonings     | |  1.0

Action                   |  1- 3 |  4- 6 |  7- 9 | 10-12 || total
-------------------------+-------+-------+-------+-------++-------
Melee: Short sword       |    35 |   123 |   207 |   118 ||   483
Throw: Stone             |       |     1 |     1 |       ||     2
       Dart              |       |       |       |     2 ||     2
 Cast: Magic Dart        |    13 |    57 |    41 |    38 ||   149
       Call Imp          |     1 |     9 |    28 |    17 ||    55
       Animate Skeleton  |       |     1 |       |       ||     1
       Mephitic Cloud    |       |     1 |     8 |    11 ||    20
       Conjure Flame     |       |     1 |     3 |       ||     4
       Iskenderun's Myst |       |       |    40 |    36 ||    76
       Force Lance       |       |       |     4 |     1 ||     5
       Confusing Touch   |       |       |       |     1 ||     1
 Abil: Spit Poison       |    17 |    49 |    41 |    14 ||   121
Evoke: Wand              |       |       |       |     2 ||     2
  Use: Scroll            |       |     2 |     2 |    12 ||    16
       Potion            |       |       |       |     2 ||     2
 Stab: Sleeping          |     2 |       |     5 |       ||     7
       Confused          |       |       |     2 |     3 ||     5
       Distracted        |       |       |     2 |       ||     2
  Eat: Chunk             |     1 |    12 |     6 |       ||    19
       Ration            |       |       |     5 |     7 ||    12
Armor: Robe              |     1 |    89 |   100 |    72 ||   262
       Scale mail        |       |       |       |    48 ||    48
Dodge: Dodged            |    19 |   114 |   129 |    84 ||   346
Block: Buckler           |       |       |     1 |    45 ||    46

Table legend:
 A = Non-vault XP
 B = Vault XP
 C = Vault XP percentage of total XP
 D = Non-vault monster count
 E = Vault monster count
 F = Vault count percentage of total count
                 A         B        C        D         E       F
            +---------+---------+-------+---------+---------+-------
      Total |    8951 |    2354 |  20.8 |     199 |      61 |  23.5
            +---------+---------+-------+---------+---------+-------
        D:1 |      16 |       0 |   0.0 |       8 |       0 |   0.0
        D:2 |     106 |      18 |  14.5 |      32 |       9 |  22.0
        D:3 |      99 |      28 |  22.0 |      27 |       8 |  22.9
        D:4 |     163 |       0 |   0.0 |      15 |       0 |   0.0
        D:5 |     716 |     270 |  27.4 |      27 |       3 |  10.0
        D:6 |     725 |     162 |  18.3 |      26 |      33 |  55.9
        D:7 |    1776 |       0 |   0.0 |      20 |       0 |   0.0
        D:8 |    1382 |       0 |   0.0 |      20 |       0 |   0.0
        D:9 |    1130 |       0 |   0.0 |      13 |       0 |   0.0
       D:10 |    1088 |    1734 |  61.4 |       6 |       2 |  25.0
       D:11 |    1710 |       0 |   0.0 |       4 |       0 |   0.0
    Abyss:4 |      40 |       0 |   0.0 |       1 |       0 |   0.0
      Sewer |       0 |     142 | 100.0 |       0 |       6 | 100.0
            +---------+---------+-------+---------+---------+-------
